 Dungeon Crawl Stone Soup version 0.24-a0-537-g2d01d4ab0a (webtiles) character file.

Game seed: 1432543390079613928

88 Delarado the Changer (level 4, 0/32 HPs)
             Began as a Merfolk Transmuter on Aug 16, 2019.
             Succumbed to an adder's poison
             ... on level 3 of the Dungeon.
             The game lasted 00:12:58 (2972 turns).

Delarado the Changer (Merfolk Transmuter)           Turns: 2972, Time: 00:12:59

Health: 0/32       AC:  2    Str: 10    XL:     4   Next: 53%
Magic:  6/7        EV: 13    Int: 13    God:
Gold:   108        SH:  3    Dex: 14    Spells: 1/7 levels left

rFire    . . .     SeeInvis .   i - +0 spear
rCold    . . .     Gourm    .   c - +0 buckler
rNeg     . . .     Faith    .   b - +0 robe
rPois    .         Spirit   .   (no helmet)
rElec    .         Reflect  .   (no cloak)
rCorr    .         Harm     .   (no gloves)
MR       .....                  (no boots)
Stlth    +.........             (no amulet)
HPRegen  0.10/turn              (no ring)
MPRegen  0.10/turn              (no ring)

@: lethally poisoned (0 -> -8), berserk cooldown, slowed, very slow
A: change form in water, swift swim, stealthy swim
a: no special abilities


You were on level 3 of the Dungeon.
You were hungry.

You visited 1 branch of the dungeon, and saw 3 of its levels.

You collected 108 gold pieces.

Inventory:

Hand Weapons
 i - a +0 spear (weapon)
Missiles
 l - 72 stones (quivered)
Armour
 b - a +0 robe (worn)
 c - a +0 buckler (worn)
Scrolls
 e - a scroll of magic mapping {unknown}
 f - 2 scrolls of identify {unknown}
 g - a scroll of teleportation {unknown}
 h - a scroll of fog {unknown}
 j - a scroll of remove curse {unknown}
 k - a scroll of blinking {unknown}
Potions
 o - a potion of agility
Comestibles
 d - 3 rations
 m - a chunk of flesh


   Skills:
 - Level 1.1 Fighting
 + Level 1.3 Polearms
 + Level 3.3 Dodging
 - Level 3.2 Unarmed Combat
 - Level 2.0 Spellcasting
 - Level 5.2 Transmutations
 + Level 1.2 Poison Magic


You had one spell level left.
You knew the following spells:

 Your Spells              Type           Power        Failure   Level  Hunger
a - Beastly Appendage     Tmut           ##....       4%          1    ##.....
b - Sticks to Snakes      Tmut           ##......     8%          2    ###....
c - Spider Form           Tmut/Pois      #.........   32%         3    ####...

Your spell library contained the following spells:

 Spells                   Type           Power        Failure   Level  Hunger
 Blade Hands              Tmut           ##........   80%         5    ######.
 Ice Form                 Ice/Tmut       #.......     82%         4    #####..


Dungeon Overview and Level Annotations

Branches:
Dungeon (3/15)

Altars:
Okawaru


Message History

* * * LOW HITPOINT WARNING * * *
You feel sick.
You feel a strong urge to attack something.
* * * LOW HITPOINT WARNING * * *
You feel sick.
You see here an adder skeleton.
You feel your anger nearly subside.
You are no longer berserk.
You are exhausted.
You feel yourself slow down.
* * * LOW HITPOINT WARNING * * *
You feel sick.
* * * LOW HITPOINT WARNING * * *
You feel sick.
Things that are here:
a +0 short sword; a kobold corpse
* * * LOW HITPOINT WARNING * * *
You feel sick.
Okay, then.
There is a lethal amount of poison in your body!
You die...

########### #..........
#############.<........
............#..........
#........###.#.#####
#........###@#.######
#........รท.))....[...
#............###.####
#.........####
###.###.#.# #. ...#.#
###..<... #....[..#
...####(.


There were no monsters in sight!

Vanquished Creatures
  3 adders
  2 dart slugs (D:1)
  2 giant cockroaches
  3 hobgoblins
  A quokka (D:2)
  7 bats
  7 frilled lizards
  3 goblins (D:1)
  5 kobolds
  6 rats
39 creatures vanquished.

Vanquished Creatures (collateral kills)
  3 adders
  A worm (D:2)
  A dart slug (D:2)
  A giant cockroach (D:1)
  A quokka (D:2)
7 creatures vanquished.

Grand Total: 46 creatures vanquished

Notes
Turn   | Place    | Note
-------+----------+-------------------------------------------
     0 | D:1      | Delarado the Merfolk Transmuter began the quest for the
                  | Orb.
     0 | D:1      | Reached XP level 1. HP: 15/15 MP: 3/3
    36 | D:1      | Reached skill level 3 in Transmutations
    66 | D:1      | Reached XP level 2. HP: 17/21 MP: 3/5
   366 | D:1      | Learned a level 2 spell: Sticks to Snakes
   486 | D:1      | Reached skill level 4 in Transmutations
  1089 | D:2      | Reached XP level 3. HP: 26/26 MP: 6/6
  1145 | D:2      | Found an iron altar of Okawaru.
  1183 | D:2      | Reached skill level 5 in Transmutations
  1314 | D:2      | Learned a level 3 spell: Spider Form
  2156 | D:2      | Reached XP level 4. HP: 4/32 MP: 2/7
  2594 | D:2      | Reached skill level 1 in Poison Magic
  2597 | D:2      | Reached skill level 1 in Polearms
  2970 | D:3      | HP: 1/32 [poisoned by an adder]
  2972 | D:3      | Succumbed to an adder's poison

Levels and vault maps discovered:
D:1:      eino_arrival_tree_alley, layout_basic, serial_forest,
          infiniplex_forest_straight_1, infiniplex_forest_lined_2,
          infiniplex_forest_3_way, infiniplex_forest_lined_room_,
          infiniplex_forest_clump_curved, infiniplex_forest_corner_1,
          infiniplex_forest_clump_small, infiniplex_forest_clump_diagonal,
          infiniplex_forest_side_room, minmay_misc_feat_more_columns
D:2:      kennysheep_big_flooded_room, layout_basic, okawaru_trees_2
D:3:      layout_rooms, uniq_jessica

Skill      XL: |  1  2  3  4 |
---------------+-------------+-----
Transmutations | 3 4 5 |  5.2
Dodging        | 3 |  3.3
Poison Magic   | 1 |  1.2
Polearms       | 1 |  1.3
Fighting       | |  1.1
Unarmed Combat | |  3.2
Spellcasting   | |  2.0

Action                   |  1- 3 |  4- 6 || total
-------------------------+-------+-------++-------
Melee: Unarmed           |    17 |       ||    17
       Headbutt          |     3 |       ||     3
       Spear             |   116 |    50 ||   166
       Punch             |     2 |       ||     2
Throw: Stone             |     7 |     1 ||     8
 Cast: Beastly Appendage |     6 |       ||     6
       Sticks to Snakes  |    10 |     2 ||    12
  Use: Potion            |       |     4 ||     4
 Stab: Sleeping          |     1 |       ||     1
  Eat: Chunk             |     5 |     2 ||     7
Armor: Robe              |    31 |     6 ||    37
Dodge: Dodged            |    95 |    30 ||   125
Block: Buckler           |       |     6 ||     6

Table legend:
 A = Non-vault XP
 B = Vault XP
 C = Vault XP percentage of total XP
 D = Non-vault monster count
 E = Vault monster count
 F = Vault count percentage of total count
                 A         B        C        D         E       F
            +---------+---------+-------+---------+---------+-------
      Total |     123 |       3 |   2.4 |      44 |       2 |   4.3
            +---------+---------+-------+---------+---------+-------
        D:1 |      31 |       0 |   0.0 |      20 |       0 |   0.0
        D:2 |      69 |       3 |   4.2 |      20 |       2 |   9.1
        D:3 |      23 |       0 |   0.0 |       4 |       0 |   0.0
            +---------+---------+-------+---------+---------+-------
